Map: Oxide LE

Players

Probe

  • Race: Protoss Protoss

TeebuL - Winner!

  • Race: Protoss Protoss

Event: DreamHack SC2 Masters 2021 Winter

VOD

Have the link to the VOD?

Description

Time

  • Played on: Sept. 30, 2021, 4:15 a.m.
  • Length: 8:51

All games in this series

Show
View Real Time Build Order
Export as new Build Order

Probe Protoss 

Build Orders: Oracle Opening, Blink Stalkers 

Get SALT Encoding   

  12  0:00  Probe  
  13  0:12  Probe  
  14  0:19  Pylon  
  14  0:25  Probe  
  15  0:37  Probe (Chrono Boost)  
  15  0:39  Gateway  
  16  0:46  Probe (Chrono Boost)  
  16  0:47  Assimilator  
  17  0:51  Probe (Chrono Boost)  
  18  1:00  Assimilator  
  18  1:03  Probe (Chrono Boost)  
  19  1:13  Probe (Chrono Boost), Pylon  
  19  1:18  Probe (Chrono Boost)  
  21  1:28  Cybernetics Core  
  21  1:30  Probe  
  22  1:42  Probe  
  22  1:44  Zealot (Chrono Boost)  
  25  1:55  Probe  
  26  2:04  Warp Gate  
  26  2:07  Probe  
  27  2:09  Stalker (Chrono Boost)  
  29  2:16  Pylon  
  29  2:19  Probe  
  30  2:34  Stalker  
  30  2:36  Stargate  
  32  2:38  Shield Battery  
  31  2:55  Probe  
  31  2:56  Nexus  
  32  3:07  Probe  
  33  3:17  Oracle (Chrono Boost)  
  33  3:19  Probe  
  37  3:24  Pylon  
  37  3:29  Twilight Council  
  37  3:31  Probe  
  38  3:36  Gateway  
  38  3:43  Probe  
  38  3:47  Gateway  
  39  3:54  Stalker  
  41  3:58  Blink (Chrono Boost), Probe  
  42  4:13  Probe  
  43  4:20  Stalker  
  43  4:22  Probe  
  46  4:29  Probe  
  47  4:32  Stalker  
  47  4:34  Probe  
  50  4:42  Probe  
  51  4:46  Probe  
  51  4:47  Stalker  
  51  4:48  Stalker  
  56  4:54  Probe  
  56  4:58  Probe  
  56  4:59  Stalker  
  60  5:04  Pylon x2  
  60  5:06  Probe  
  61  5:10  Probe  
  62  5:18  Forge  
  62  5:22  Stalker x2, Probe  
  62  5:23  Probe  
  62  5:26  Gateway  
  68  5:30  Stalker  
  68  5:34  Shield Battery  
  70  5:36  Probe x2  
  72  5:49  Stalker  
  74  5:51  Stalker, Assimilator  
  74  5:55  Probe  
  77  5:59  Pylon  
  77  6:01  Pylon  
  77  6:04  Pylon  
  73  6:20  Stalker x4  
  79  6:35  Probe x2  
  81  6:40  Protoss Ground Weapons Level 1 (Chrono Boost)  
  81  6:46  Stalker x4  
  89  6:48  Nexus  
  89  6:51  Pylon  
  89  7:09  Stalker  
  89  7:10  Stalker x3  
  89  7:12  Probe x2  
  96  7:24  Probe x2  
  98  7:31  Dark Shrine  
  98  7:36  Adept x2, Probe x2  
  104  7:39  Adept  
  104  7:42  Adept  
  108  7:48  Probe x2  
  108  7:50  Pylon  
  110  7:52  Pylon  
  110  7:54  Pylon  
  110  8:00  Probe x2  
  112  8:10  Probe  
  105  8:19  Probe x2  
  107  8:22  Photon Cannon, Probe  
  107  8:24  Photon Cannon  
  107  8:26  Robotics Facility  
  108  8:30  Gateway  
Show
View Real Time Build Order
Export as new Build Order

TeebuL Protoss - Winner!

Build Orders: Oracle Opening, Blink Stalkers 

Get SALT Encoding   

  12  0:00  Probe  
  13  0:12  Probe  
  14  0:17  Pylon  
  14  0:24  Probe  
  15  0:35  Gateway  
  15  0:38  Probe (Chrono Boost)  
  16  0:46  Assimilator, Probe (Chrono Boost)  
  17  0:52  Probe  
  17  0:55  Assimilator  
  19  1:04  Probe (Chrono Boost)  
  19  1:08  Gateway  
  19  1:16  Probe (Chrono Boost)  
  20  1:21  Probe (Chrono Boost)  
  20  1:24  Cybernetics Core  
  21  1:30  Probe  
  22  1:35  Pylon  
  22  1:42  Probe  
  23  2:04  Stalker x2, Warp Gate  
  23  2:07  Pylon  
  27  2:13  Probe  
  28  2:27  Stargate  
  29  2:30  Probe  
  28  2:54  Probe  
  29  2:59  Nexus  
  29  3:06  Probe  
  29  3:08  Oracle (Chrono Boost)  
  33  3:18  Probe  
  33  3:19  Twilight Council  
  34  3:30  Probe  
  35  3:34  Pylon  
  35  3:42  Probe  
  36  3:52  Stalker x2, Blink (Chrono Boost)  
  36  3:54  Probe  
  41  4:07  Probe (Chrono Boost)  
  41  4:13  Probe (Chrono Boost)  
  39  4:19  Probe (Chrono Boost)  
  39  4:23  Probe (Chrono Boost)  
  41  4:25  Probe (Chrono Boost)  
  41  4:28  Probe (Chrono Boost)  
  43  4:33  Probe  
  44  4:38  Probe  
  44  4:40  Stalker x2  
  44  4:45  Probe, Forge  
  50  4:50  Probe  
  51  4:57  Probe  
  52  5:03  Probe  
  52  5:06  Gateway  
  53  5:09  Gateway, Probe  
  53  5:13  Protoss Ground Weapons Level 1 (Chrono Boost)  
  54  5:15  Probe  
  54  5:17  Pylon  
  54  5:18  Assimilator  
  55  5:21  Probe  
  55  5:27  Probe  
  55  5:28  Pylon  
  57  5:32  Stalker x2  
  57  5:33  Probe  
  62  5:39  Probe  
  63  5:45  Probe  
  63  6:03  Nexus  
  63  6:04  Pylon  
  63  6:06  Stalker x4  
  67  6:19  Probe (Chrono Boost)  
  67  6:21  Probe (Chrono Boost)  
  65  6:29  Stalker x3  
  65  6:31  Probe (Chrono Boost)  
  69  6:38  Probe (Chrono Boost)  
  71  6:40  Probe (Chrono Boost)  
  71  6:41  Stalker  
  71  6:45  Probe (Chrono Boost), Dark Shrine  
  71  6:46  Probe  
  74  6:52  Shield Battery  
  74  6:53  Stalker  
  77  6:57  Probe, Sentry  
  77  6:59  Stalker  
  81  7:04  Stalker  
  81  7:06  Probe  
  84  7:08  Shield Battery  
  84  7:25  Probe x2  
  84  7:26  Probe  
  87  7:38  Assimilator  
  87  7:40  Gateway  
  87  7:42  Gateway  
  87  7:43  Pylon  
  87  7:44  Probe  
  86  7:52  Pylon  
  86  7:57  Dark Templar x3  
  92  8:04  Pylon  
  92  8:06  Pylon  
  92  8:08  Pylon  
  92  8:09  Stalker  
  92  8:11  Probe  
  92  8:12  Probe  
  96  8:16  Pylon  
  96  8:18  Pylon  
  96  8:29  Stalker x2  
  96  8:30  Stalker  
  96  8:31  Probe  
  102  8:36  Stalker x2  

Tags
 
Add a new tag
Caveats
  • Supply blocks, unpowered buildings, or Contaminate may cause inaccurate times.
  • Supply counts are checked every 10 seconds.